 Dungeon Crawl Stone Soup version 0.28.0 (webtiles) character file.

Game seed: 2705187428855576056

67 Sanktem7 the Shield-Bearer (level 4, -5/40 HPs)
             Began as a Minotaur Fighter on Feb 9, 2022.
             Slain by a scorpion (7 damage)
             ... on level 4 of the Dungeon.
             The game lasted 00:03:29 (2281 turns).

Sanktem7 the Shield-Bearer (Minotaur Fighter)       Turns: 2281, Time: 00:03:30

Health: -5/40      AC:  7    Str: 23    XL:     4   Next: 0%
Magic:  3/3        EV: 23    Int:  5    God:
Gold:   98         SH:  8    Dex:  9    Spells: 3/3 levels left

rFire   . . .      SeeInvis .   a - +0 long sword
rCold   . . .      Faith    .   m - +0 kite shield
rNeg    . . .      Spirit   .   b - +0 scale mail
rPois   .          Reflect  .   (helmet restricted)
rElec   .          Harm     .   (no cloak)
rCorr   .          Rampage  .   (no gloves)
Will    .....                   (no boots)
Stlth   ..........              g - amulet of the acrobat
HPRegen 0.13/turn               (no ring)
MPRegen 0.08/turn               (no ring)

@: acrobatic
A: horns 2, retaliatory headbutt
a: no special abilities


You were on level 4 of the Dungeon.
You visited 1 branch of the dungeon, and saw 4 of its levels.

You collected 98 gold pieces.

Inventory:

Hand Weapons
 a - a +0 long sword (weapon)
Missiles
 n - 53 stones (quivered)
Armour
 b - a +0 scale mail (worn)
 c - a +0 buckler
 m - a +0 kite shield (worn)
Jewellery
 g - an amulet of the acrobat (around neck)
 i - a ring of magical power
Scrolls
 e - 2 scrolls of teleportation {unknown}
 f - a scroll of blinking {unknown}
 h - a scroll of identify {unknown}
 j - a scroll of noise {unknown}
Potions
 d - a potion of might
 k - 2 potions of lignification {unknown}
 l - a potion of invisibility {unknown}
 o - 2 potions of curing {unknown}


   Skills:
 + Level 4.1 Fighting
 + Level 3.5 Long Blades
 + Level 4.2 Armour
 + Level 4.4 Shields


You had 3 spell levels left.
You didn't know any spells.
Your spell library contained the following spells:

 Spells                   Type           Power      Damage    Failure   Level
 Animate Skeleton         Necr           0%         N/A       98%         1
 Pain                     Necr           0%         1d4       98%         1
 Sublimation of Blood     Necr           0%         N/A       99%         2
 Wereblood                Tmut           0%         N/A       99%         2
 Confusing Touch          Hex            0%         N/A       100%        3
 Vampiric Draining        Necr           0%         2d6       100%        3
 Yara's Violent Unravell  Hex/Tmut       0%         3d3       100%        5
 Enfeeble                 Hex            0%         N/A       100%        7
 Summon Hydra             Summ           0%         N/A       100%        7


Dungeon Overview and Level Annotations

Branches:
Dungeon (4/15)
 Temple: D:4-7

Altars:
Qazlal


Innate Abilities, Weirdness & Mutations

You have a pair of horns on your head.
You reflexively headbutt those who attack you in melee.


Message History

You feel very sick.
The orc shouts!
A quokka comes into view.
The scorpion stings you. x2
An endoplasm comes into view.
You hit the scorpion but do no damage.
You feel sick. You block the quokka's attack.
The scorpion stings you but does no damage.
The quokka bites you.
* * * LOW HITPOINT WARNING * * *
The scorpion stings you.
* * * LOW HITPOINT WARNING * * *
* * * LOW HITPOINT WARNING * * *
You feel sick. You block the scorpion's attack.
* * * LOW HITPOINT WARNING * * *
You feel sick.
A ball python comes into view.
You barely miss the quokka.
* * * LOW HITPOINT WARNING * * *
You feel sick.
The ball python hisses angrily.
The quokka barely misses you. You block the quokka's attack.
You slash the quokka!
You kill the quokka!
* * * LOW HITPOINT WARNING * * *
You feel sick.
You are no longer poisoned.
A jelly comes into view.
The scorpion stings you but does no damage.
The ball python barely misses you. You block the ball python's attack.
The jelly quivers.
You slash the ball python!
You kill the ball python!
The scorpion stings you but does no damage.
A howler monkey skeleton comes into view.
The scorpion stings you but does no damage.
You have reached level 4!
You feel stronger. The scorpion stings you!
You die...
JZ≈

'... #Z#.### #.#...
#.#..######. # #.#Jo.......
#.#.J#.#...#.. #.#.##o# ..#..
#..@s..# .#.. ###.########..
#.##.....#..
###############.##.###.#..####
#...............##.# #.#.....#
#.################.# #.###.#.#
#.########(###.###.# #.....#.#
#..................#########.#
######################...[....#


You could see a scorpion, a jelly, an orc, an endoplasm and a howler monkey
skeleton.

Vanquished Creatures
  3 adders
  An orc (D:3)
  5 ball pythons
  3 bats
  6 endoplasms
  A giant cockroach (D:2)
  A goblin (D:3)
  3 hobgoblins
  4 quokkas
  4 frilled lizards
  2 kobolds (D:1)
  7 rats
40 creatures vanquished.

Vanquished Creatures (others)
  2 demonic plants (D:1)
  A withered plant (D:1)
3 creatures vanquished.

Grand Total: 43 creatures vanquished

Notes
Turn   | Place    | Note
-------+----------+-------------------------------------------
     0 | D:1      | Sanktem7 the Minotaur Fighter began the quest for the Orb.
     0 | D:1      | Reached XP level 1. HP: 19/19 MP: 0/0
   277 | D:1      | Reached XP level 2. HP: 22/27 MP: 1/1
   481 | D:1      | Found a faded altar of an unknown god.
   998 | D:2      | Reached XP level 3. HP: 33/33 MP: 2/2
  1766 | D:3      | Found a stormy altar of Qazlal.
  2269 | D:4      | Noticed a scorpion
  2277 | D:4      | HP: 1/33 [poisoned by a scorpion]
  2279 | D:4      | Reached XP level 4. HP: 1/40 MP: 3/3
  2281 | D:4      | Slain by a scorpion

Illustrated notes

Levels and vault maps discovered:
D:1:      dpeg_arrival_round_a, layout_rooms, shapermc_ecumenical_altar_gd
D:2:      layout_basic, minmay_tetromino_l4
D:3:      layout_rooms, nicolae_qazlal_general_emergency
D:4:      layout_basic, jmf_multi_god_temple, ebering_dispersal_statue_hall,
          serial_bayou_pond_d, st_stairs_12, uniq_blork_the_orc

Skill      XL: |  1  2  3 |
---------------+----------+-----
Armour         | 4 |  4.2
Fighting       | 4 |  4.1
Shields        | 4 |  4.4
Long Blades    | 3 |  3.5

Action                   |  1- 3 |  4- 6 || total
-------------------------+-------+-------++-------
Melee: Long sword        |    85 |       ||    85
       Headbutt          |     9 |       ||     9
Armor: Scale mail        |    34 |       ||    34
Dodge: Dodged            |    47 |       ||    47
Block: Buckler           |    22 |       ||    22
       Kite shield       |    10 |       ||    10
